AoeStats
← choka60

Pilgrims

509937174Analyzed
2v2 RM · 2d ago on Sep 28, 2026· 23m 23s· 4 players
Game mode
Random Map
Map size
Medium (4 player)
Population
200
Speed
Normal
Resources
Standard
Victory
Conquest
Starting age
Dark Age
Ending age
Imperial Age
RankedLock teamsTeams togetherTeam positionsShared explorationLock speedFull tech treeHidden civsTurbo modeCheats
Victory
Defeat
🇩🇪 Varangians · Germany
1285
+16
🇦🇷 Persians · Argentina
1227
+19
🇩🇪 Saxons · Germany
1298
-18
🇨🇦 Sicilians · Canada
1287
-17
TheRealDrHoused
6:38 Loom
10:42 Feudal Age
14:21 Castle Age
12:32 Fletching
12:49 Double-Bit Axe
15:21 Bow Saw
18:39 Fishing Lines
21:46 Town Watch
22:38 Wheelbarrow
Tkbez
8:20 Loom
10:06 Feudal Age
8:26 Loom
11:21 Double-Bit Axe
20:27 Castle Age
21:24 Medium Warships
choka60
10:53 Feudal Age
9:12 Loom
16:02 Castle Age
14:03 Double-Bit Axe
14:34 Forging
17:31 Castle Age
18:30 Wheelbarrow
18:36 Medium Warships
19:16 Iron Casting
22:53 Scale Barding Armor
Bartos
10:55 Feudal Age
11:38 Double-Bit Axe
15:17 Loom
20:56 Castle Age
20:11 Fletching
21:06 Crossbowman
22:41 Bodkin Arrow
Connection lost

Rejoining the realm…

Still unreachable

The connection could not be restored.

Session expired

The server has moved on; the page needs a fresh start.